 Dungeon Crawl Stone Soup version 0.20-a0 (webtiles) character file.

345998 varam the Warrior (level 22, -11/148 HPs)
             Began as a Gargoyle Fighter on Oct 27, 2016.
             Was the Champion of Okawaru (penitent).
             Killed by the air
             ... invoked by a titan
              (31 damage)
             ... on level 5 of the Vaults.
             The game lasted 03:01:56 (38225 turns).

varam the Warrior (Gargoyle Fighter)               Turns: 38225, Time: 03:01:57

Health: -11/148    AC: 52    Str: 24    XL:     22   Next: 11%
Magic:  25/25      EV:  9    Int:  7    God:    Okawaru [*]
Gold:   1066       SH: 23    Dex: 15    Spells: 2 memorised, 10 levels left

rFire  + + +     SeeInvis +     w - +8 broad axe (flame)
rCold  + . .     Gourm    .     K - +7 chain mail of the Other Side {rF+ MR+ rCorr Dex-5}
rNeg   + + .     Faith    .     j - +4 shield {reflect}
rPois  ∞         Spirit   .     J - +5 helmet "Oguix" {rC+ Str+3 Dex+6}
rElec  +         Reflect  +     V - +1 cloak of Fallacy {Slay+3}
rCorr  +         Harm     +     z - +1 pair of gloves of Zeshresso {MR+ SInv}
MR     +++..     Rnd*Rage +     E - +0 pair of boots of Courage {*Drain Regen+ Str-4 Stlth+}
Stlth  ++........               P - amulet "Jetocs" {Harm *Drain rElec}
                                f - ring of protection from fire
                                n - ring of positive energy

@: flying, very slightly contaminated
A: big wings, talons 1, large bone plates 1, camouflage 1, berserk 1, blurry
vision 2, dopey 1, fire resistance 1, low mp 1, negative energy resistance 1,
sense surroundings 1, electricity resistance, unbreathing, petrification
resistance, rot immunity, sturdy frame 1, AC +16
a: Stop Flying, Renounce Religion
}: 2/15 runes: decaying, serpentine


You were on level 5 of the Vaults.
You worshipped Okawaru.
Okawaru was demanding penance.
You were very hungry.

You visited 8 branches of the dungeon, and saw 38 of its levels.
You also visited: Ice Cave.

You collected 3860 gold pieces.
You spent 2794 gold pieces at shops.

Inventory:

Hand Weapons
 w - a +8 broad axe of flaming (weapon)
 A - a +4 vampiric eveningstar
Missiles
 c - 7 javelins (quivered)
Armour
 j - a +4 shield of reflection (worn)
 z - the +1 pair of gloves of Zeshresso (worn) {MR+ SInv}
   (You found it on level 2 of the Vaults)

   It affects your resistance to hostile enchantments.
   It lets you see invisible.
 E - the +0 pair of boots of Courage (worn) {*Drain Regen+ Str-4 Stlth+}
   (Okawaru gifted it to you on level 3 of the Swamp)

   It affects your strength (-4).
   It increases your rate of regeneration.
   It causes draining when unequipped.
   It makes you more stealthy.
 J - the +5 helmet "Oguix" (worn) {rC+ Str+3 Dex+6}
   (You found it on level 7 of the Dungeon)

   It affects your strength (+3).
   It affects your dexterity (+6).
   It protects you from cold.
 K - the +7 chain mail of the Other Side (worn) {rF+ MR+ rCorr Dex-5}
   (Okawaru gifted it to you on level 13 of the Dungeon)

   It affects your dexterity (-5).
   It protects you from fire.
   It affects your resistance to hostile enchantments.
   It protects you from acid and corrosion.
 V - the +1 cloak of Fallacy (worn) {Slay+3}
   (Okawaru gifted it to you on level 4 of the Vaults)

   It affects your accuracy and damage with ranged weapons and melee attacks
   (+3).
 Z - the +1 cloak of the Good {MP+9 Str+4 Int+2}
   (You found it on level 1 of the Lair of Beasts)

   It affects your strength (+4).
   It affects your intelligence (+2).
   It affects your magic capacity (+9).
Rods
 t - a +1 rod of shadows (11/11)
   (You found it on level 11 of the Dungeon)
Jewellery
 f - a ring of protection from fire (right hand)
 g - a +5 ring of strength
 i - an uncursed ring of protection from cold
 m - an uncursed ring of protection from magic
 n - a ring of positive energy (left hand)
 C - a +4 ring of protection
 G - the amulet of Sunlight {Spirit Str+3 Stlth+, unknown}
   (You acquired it on level 9 of the Dungeon)

   [amulet of guardian spirit]

   It causes incoming damage to be split between your health and magic.
   It affects your strength (+3).
   It makes you more stealthy.
 P - the amulet "Jetocs" (around neck) {Harm *Drain rElec}
   (You acquired it on level 2 of the Vaults)

   [amulet of harm]

   It increases damage dealt and taken.
   It insulates you from electricity.
   It causes draining when unequipped.
Wands
 o - a wand of digging (17/24)
 x - a wand of digging (7/24)
 N - a wand of disintegration (14/24)
 U - a wand of teleportation (8/9)
 Y - a wand of iceblast (6/15)
Scrolls
 b - 4 scrolls of fog
 p - 4 scrolls of magic mapping
 s - 4 scrolls of blinking
 y - 6 scrolls of fear
 F - a scroll of summoning
 L - 8 scrolls of teleportation
 M - 2 scrolls of remove curse {@r2}
 R - 2 scrolls of brand weapon
 T - a scroll of enchant armour
Potions
 a - 5 potions of agility
 e - 9 potions of curing {@q1}
 h - 6 potions of haste
 q - 2 potions of cure mutation {unknown}
 r - 2 potions of heal wounds
 v - 4 potions of invisibility
 I - 3 potions of cancellation
 O - a potion of lignification
 W - 2 potions of resistance
 X - a potion of ambrosia {unknown}
Miscellaneous
 k - 2 sacks of spiders
 u - a fan of gales
Comestibles
 d - 3 beef jerkies
 l - 11 meat rations
 B - 11 bread rations
 D - 2 slices of pizza
 H - 3 royal jellies
 Q - 12 fruits


   Skills:
 + Level 18.8 Fighting
 - Level 16.1(18.2) Axes
 - Level 15.7(18.7) Maces & Flails
   Level 2.4(11.1) Polearms
 + Level 17.5 Armour
 - Level 5.0 Stealth
 - Level 17.1 Shields
 - Level 8.0 Invocations
 - Level 8.1 Evocations


You had 10 spell levels left.
You knew the following spells:

 Your Spells              Type           Power        Failure   Level  Hunger
a - Silence               Hex/Air        #.........   100%        5    ######.
b - Deflect Missiles      Chrm/Air       #.........   100%        6    #######


Dungeon Overview and Level Annotations

Branches:
Dungeon (15/15)            Temple (1/1) D:6            Lair (6/6) D:9
  Swamp (4/4) Lair:2        Snake (4/4) Lair:3        Slime (0/5) Lair:5
    Orc (2/2) D:9             Elf (0/3) Orc:2        Vaults (5/5) D:13
  Crypt (1/3) Vaults:3     Depths (0/5) D:15

Altars:
Ashenzari
Cheibriados
Dithmenos
Elyvilon
Gozag
Kikubaaqudgha
Makhleb
Nemelex Xobeh
Okawaru
Qazlal
Ru
Sif Muna
Trog
Vehumet
Xom
Yredelemnul

Shops:
D:4 =   Orc:1 %   Orc:2 ([*=   Snake:1 (   Snake:4 ?   Vaults:2 [[   Vaults:5 [

Annotations:
Lair:1 exclusion: oklob plant
Swamp:4 Lernaean hydra
Vaults:5 p0werm0de's ghost, adept HECK


Innate Abilities, Weirdness & Mutations

You are resistant to torment.
Your stone body is resilient. (AC +16)
You are immune to poison.
Your large and strong wings let you fly indefinitely.
You resist negative energy. (rN+)
You are resistant to electric shocks. (rElec)
You can survive without breathing.
You are immune to petrification.
You are immune to rotting.
You have sharp toenails.
You are partially covered in large bone plates. (SH +4)
Your skin changes colour to match your surroundings (Stealth+).
You tend to lose your temper in combat.
Scrolls take you longer to read.
You are dopey. (Int -2)
Your flesh is heat resistant. (rF+)
Your magical capacity is low. (-10% MP)
You passively map a small area around you.
Your movements are slightly less encumbered by armour. (ER -2)


Message History

The bolt of negative energy hits the quicksilver dragon.
The quicksilver dragon is drained!
The quicksilver dragon dies!
Okawaru accepts your kill.
The quicksilver dragon scales are intact enough to wear.
The bolt of negative energy hits the vault warden.
The vault warden is drained!
You block the large abomination's attack.
Your redback bites the large abomination!
You see here 27 gold pieces.
Really read with blurry vision while enemies are nearby?
The vault warden hits your redback with a battleaxe of venom!!
Your redback dies!
Your redback's corpse disappears in a puff of smoke!
Your redback bites the large abomination but does no damage.
The large abomination hits you.
* * * LOW HITPOINT WARNING * * *
The titan waves its arms in wide circles.
The air twists around and violently strikes you in flight!
You die... *###............ * ............... , , ...*lCDQp...... , .EEpDcxC.c..... , ,.CeQCpppe.e....

, ....###C###.... .
, ##ss4## . , ,
##X.4e$## , ,
#..@....# , ,
.......##(.$∩(..# ,
, ,* ,
*.......##.).($..#
, ,
.......###.)).$##*,
, ,
#.......######## ,
, * .. #........ *
,, ....##........,
,,, ,,
....##...(.... , ,
, .%..##........ ,


You could see a titan, a vault warden, a tengu reaver, a yaktaur captain, a
vault guard, a deep elf death mage, an ettin, a large abomination, a friendly
orange demon, a friendly rust devil, a friendly deep elf mage and 2 friendly
redbacks.

Vanquished Creatures
  The ghost of CypherZel the Brawler, a veteran TrFi of Okawaru (Vaults:5)
  Bai Suzhen (Vaults:5)
  Jorgrun (Swamp:3)
  4 liches
  Rupert (Orc:2)
  A quicksilver dragon (Vaults:5)
  A titan (Vaults:5)
  Asterion (Snake:3)
  Gastronok (Lair:3)
  2 sphinxes
  Kirke (D:14)
  Donald (Swamp:1)
  A shadow dragon (Vaults:4)
  A thorn hunter (Swamp:4)
  The ghost of varam the Brawler, an adept TrMo of Okawaru (Swamp:2)
  3 storm dragons
  Roxanne (Swamp:2)
  4 nagarajas (Snake:4)
  6 fire giants
  A deep elf sorcerer (Vaults:4)
  Aizul (Snake:4)
  A frost giant (Vaults:4)
  17 vault wardens
  2 war gargoyles (Vaults:5)
  14 ironheart preservers
  7 stone giants
  Nessos (Orc:2)
  4 very ugly things
  Azrael (D:13)
  3 deep elf demonologists
  A deep elf annihilator (Vaults:4)
  Snorg (Lair:6)
  A deep elf death mage (Vaults:4)
  5 ettins
  3 great orbs of eyes
  10 yaktaur captains
  2 fire dragons
  2 crystal guardians (Vaults:4)
  47 vault guards
  23 hydras
  A rakshasa (D:15)
  2 ice dragons
  A ghost crab (Swamp:2)
  The ghost of brucemayne the Cleaver, a journeyman DsBe of Trog (Orc:2)
  13 naga warriors
  A catoblepas (D:13)
  13 ogre magi
  A death knight (D:10)
  2 deep troll shamans (Vaults:4)
  4 alligators
  6 centaur warriors
  9 anacondas
  2 deep troll earth magi (Vaults:4)
  2 vampire magi
  10 naga sharpshooters
  Urug (Orc:1)
  2 shock serpents (shapeshifter)
  4 shock serpents
  5 deep elf knights
  16 spriggans
  The ghost of kroki the Chiller, a novice DrIE of Vehumet (D:10)
  10 skeletal warriors
  A hell knight (Vaults:2)
  A salamander mystic (Snake:3)
  A glowing orange brain (Vaults:1)
  A swamp dragon (shapeshifter) (D:14)
  14 deep trolls
  A flayed ghost (Vaults:4)
  2 unseen horrors
  An unseen horror (shapeshifter) (Vaults:3)
  14 ironbrand convokers
  8 swamp dragons
  7 naga ritualists
  4 wizards
  13 hill giants
  4 deep elf archers
  A golden dragon skeleton (D:15)
  9 harpies
  A necromancer (D:15)
  8 deep elf magi
  A frost giant zombie (D:15)
  8 orc knights
  6 wolf spiders
  7 mana vipers
  3 orc sorcerers
  22 ugly things
  A manticore (D:14)
  9 salamanders
  13 cyclopes
  A cyclops (shapeshifter) (Vaults:3)
  2 ice statues (IceCv)
  A salamander (shapeshifter) (Vaults:4)
  9 naga magi
  2 centaur zombies
  10 vault sentinels
  6 elephants (Lair:4)
  3 gargoyles
  26 black mambas
  2 guardian serpents (Snake:1)
  2 centaur skeletons
  The ghost of patrickswayze the Martial Artist, a novice DsMo (D:4)
  7 komodo dragons
  A spiny frog (shapeshifter) (Vaults:3)
  A rime drake (shapeshifter) (Vaults:3)
  6 rime drakes
  3 freezing wraiths
  A yaktaur zombie (D:15)
  37 yaktaurs
  10 spiny frogs
  2 guardian mummies (Crypt:1)
  6 polar bears
  5 trolls
  A meliai (D:14)
  5 tyrant leeches
  14 two-headed ogres
  A hornet (shapeshifter) (Vaults:4)
  7 hornets
  25 blink frogs
  11 bog bodies
  28 slime creatures
  11 hippogriffs
  3 dream sheep
  2 human simulacra (Vaults:3)
  8 redbacks (D:15)
  5 wraiths
  33 yaks
  3 shadows
  5 fire elementals (D:13)
  A human (shapeshifter) (Vaults:4)
  5 wyverns
  Eustachio (D:5)
  5 vampires
  A hog (D:14)
  A basilisk (shapeshifter) (Vaults:1)
  2 hungry ghosts
  A basilisk (D:9)
  A steam dragon (Lair:4)
  Grum (D:8)
  8 vampire mosquitoes
  Menkaure (D:6)
  A naga (shapeshifter) (D:15)
  7 wargs
  9 swamp worms
  32 nagas
  4 mottled dragons
  13 water moccasins
  A hell hound (D:13)
  7 porcupines
  22 orc warriors
  12 ice beasts
  An eye of draining (shapeshifter) (Vaults:1)
  3 sky beasts
  14 swamp drakes
  5 black bears
  4 phantoms
  An eye of draining (D:15)
  8 boggarts
  2 necrophages
  49 ogres
  52 wolves
  16 centaurs
  11 crocodiles
  3 big kobolds
  Blork the orc (D:5)
  22 bullfrogs
  A tengu zombie (D:15)
  4 scorpions
  9 killer bees
  5 electric eels
  2 howler monkeys
  3 jellies
  4 crimson imps
  4 quasits
  6 hounds
  2 human zombies (Crypt:1)
  15 orc priests
  A bullfrog skeleton (D:8)
  Crazy Yiuf (D:5)
  23 orc wizards
  A gnoll shaman (D:6)
  A human skeleton (Crypt:1)
  Ijyb (D:2)
  5 iguanas
  8 worker ants
  A killer bee zombie (D:10)
  2 centaur simulacra
  A bullfrog simulacrum (D:10)
  A hound zombie (D:6)
  2 hound skeletons
  5 mummies (Crypt:1)
  A howler monkey zombie (D:6)
  Robin (D:3)
  13 gnolls
  15 adders
  5 shadow imps
  3 white imps (D:10)
  6 oozes (Lair:5)
  2 adder skeletons
  A worm (D:3)
  A dart slug (D:2)
  2 leopard geckos
  73 orcs
  A ball python (D:5)
  4 giant cockroaches
  11 goblins
  5 hobgoblins
  12 jackals
  9 kobolds
  4 quokkas
  12 bats
  2 frilled lizards
  A jackal skeleton (D:8)
  A leopard gecko skeleton (D:4)
  A leopard gecko zombie (D:6)
  A quokka zombie (D:5)
  9 rats
  5 fungi
  A withered plant (D:15)
1392 creatures vanquished.

Vanquished Creatures (collateral kills)
  A golden dragon (Vaults:5)
  A quicksilver dragon (Vaults:5)
  2 nagarajas (Snake:4)
  A stone giant (Vaults:5)
  A yaktaur captain (Vaults:5)
  A naga warrior (Snake:4)
  An anaconda (Snake:3)
  2 naga sharpshooters (Snake:4)
  A salamander mystic (Snake:3)
  2 naga ritualists (Snake:4)
  A mana viper (Snake:4)
  3 salamanders
  4 naga magi
  8 black mambas
  2 guardian serpents (Snake:2)
  4 nagas
35 creatures vanquished.

Vanquished Creatures (others)
  A vault warden (Vaults:5)
  A stone giant (Vaults:3)
  2 yaktaur captains
  A naga sharpshooter (Snake:2)
  An unseen horror (D:12)
  2 deep elf archers
  2 cyclopes (Vaults:2)
  A vault sentinel (Vaults:5)
  4 yaktaurs
  A two-headed ogre (Vaults:1)
  4 dream sheep (D:12)
  2 humans (D:14)
  2 yaks (D:14)
  A mottled dragon (Vaults:2)
  2 nagas (Snake:4)
  A centaur (Vaults:4)
  An orc (Orc:2)
  3 briar patches (Swamp:4)
  6 fungi
  A plant (Lair:2)
  A withered plant (D:15)
40 creatures vanquished.

Grand Total: 1467 creatures vanquished

Notes
Turn   | Place    | Note
-------+----------+-------------------------------------------
     0 | D:1      | varam the Gargoyle Fighter began the quest for the Orb.
     0 | D:1      | Reached XP level 1. HP: 14/14 MP: 1/1
   224 | D:1      | Reached XP level 2. HP: 18/19 MP: 2/2
   645 | D:2      | Reached XP level 3. HP: 22/23 MP: 3/3
   676 | D:2      | Noticed Ijyb
   693 | D:2      | Killed Ijyb
   913 | D:2      | Reached XP level 4. HP: 29/29 MP: 4/4
  1057 | D:2      | Found a shattered altar of Ashenzari.
  1148 | D:2      | Found a sacrificial altar of Ru.
  1616 | D:3      | Found an opulent altar of Gozag.
  1793 | D:3      | Noticed Robin
  1795 | D:3      | Reached skill level 4 in Fighting
  1816 | D:3      | Killed Robin
  1826 | D:3      | Reached XP level 5. HP: 3/33 MP: 5/5
  2500 | D:4      | Found Jyth's Jewellery Shoppe.
  2624 | D:5      | Entered Level 5 of the Dungeon
  2637 | D:5      | Reached XP level 6. HP: 34/38 MP: 6/6
  2648 | D:4      | Noticed patrickswayze's ghost (novice DsMo)
  2650 | D:4      | Got a warped spear
  2662 | D:5      | Identified the +12 spear "Akocvob" {pierce, +Rage rC- SInv} (You found it on level 4 of the Dungeon)
  2694 | D:5      | Reached skill level 5 in Maces & Flails
  2710 | D:5      | Noticed Blork the orc
  2719 | D:5      | Killed Blork the orc
  2830 | D:5      | Reached XP level 7. HP: 32/43 MP: 7/7
  2874 | D:5      | HP: 2/43 [ice beast (11)]
  3539 | D:4      | Killed patrickswayze's ghost
  3539 | D:4      | Reached XP level 8. HP: 10/48 MP: 8/8
  4413 | D:5      | Noticed Eustachio
  4428 | D:5      | Killed Eustachio
  4772 | D:5      | Found a runed door.
  4776 | D:5      | Noticed Crazy Yiuf
  4784 | D:5      | Killed Crazy Yiuf
  5016 | D:6      | Got a warped trident
  5017 | D:6      | Identified the cursed +1 trident "Togots" {pierce, *Corrode rElec Int+3} (You found it on level 6 of the Dungeon)
  5044 | D:6      | Found a staircase to the Ecumenical Temple.
  5055 | Temple   | Entered the Ecumenical Temple
  5066 | Temple   | Became a worshipper of Warmaster Okawaru
  5374 | D:6      | Found a deep blue altar of Sif Muna.
  5403 | D:6      | Noticed Menkaure
  5415 | D:6      | Reached XP level 9. HP: 52/52 MP: 9/9
  5425 | D:6      | Killed Menkaure
  5425 | D:6      | Reached skill level 10 in Maces & Flails
  5580 | D:6      | Reached * piety under Okawaru
  5969 | D:7      | Got a twisted helmet
  5975 | D:7      | Identified the +5 helmet "Oguix" {rC+ Str+3 Dex+6} (You found it on level 7 of the Dungeon)
  6318 | D:7      | Reached ** piety under Okawaru
  6435 | D:8      | Reached XP level 10. HP: 55/57 MP: 10/10
  6655 | D:8      | Noticed Grum
  6705 | D:8      | Killed Grum
  6753 | D:8      | Reached *** piety under Okawaru
  6817 | D:8      | Noticed a three-headed hydra
  6833 | D:8      | Killed a three-headed hydra
  6833 | D:8      | Reached skill level 5 in Fighting
  6833 | D:8      | Reached skill level 5 in Armour
  6854 | D:8      | Reached **** piety under Okawaru
  6938 | D:8      | Reached skill level 5 in Shields
  7396 | D:9      | Found a shattered altar of Ashenzari.
  7535 | D:9      | Found a staircase to the Lair.
  7605 | D:9      | Reached skill level 6 in Fighting
  7605 | D:9      | Reached XP level 11. HP: 42/64 MP: 8/11
  7714 | D:9      | Reached skill level 1 in Invocations
  7822 | D:9      | Found a staircase to the Orcish Mines.
  7890 | D:9      | Found a sparkling altar of Nemelex Xobeh.
  8089 | D:10     | Entered Level 10 of the Dungeon
  8300 | D:10     | Noticed a hill giant
  8330 | D:10     | Killed a hill giant
  8330 | D:10     | Reached ***** piety under Okawaru
  8497 | D:10     | Killed an unseen horror
  8518 | D:10     | Noticed a hill giant
  8557 | D:10     | Killed a hill giant
  8557 | D:10     | Reached skill level 7 in Fighting
  8648 | D:10     | Noticed a death knight
  8723 | Lair:1   | Entered Level 1 of the Lair of Beasts
  8954 | Lair:1   | Noticed a seven-headed hydra
  8968 | Lair:1   | Killed a seven-headed hydra
  9121 | Lair:1   | Noticed an oklob plant
  9130 | Lair:1   | Got a dazzling cloak
  9147 | Lair:1   | Identified the +1 cloak of the Good {MP+9 Str+4 Int+2} (You found it on level 1 of the Lair of Beasts)
  9357 | Lair:1   | Received a gift from Okawaru
  9437 | Lair:1   | Reached skill level 5 in Invocations
  9438 | Lair:1   | Reached XP level 12. HP: 73/73 MP: 15/15
  9462 | Lair:1   | Reached skill level 8 in Fighting
 10095 | Lair:2   | Found a staircase to the Swamp.
 10176 | Lair:2   | Noticed a five-headed hydra
 10187 | Lair:2   | Killed a five-headed hydra
 10635 | Lair:2   | Got a bloodstained chain mail
 10646 | Lair:2   | Identified the cursed +0 chain mail of the Voivode {+Fly rN+} (You found it on level 2 of the Lair of Beasts)
 10971 | Lair:3   | Noticed Gastronok
 11016 | Lair:3   | Killed Gastronok
 11016 | Lair:3   | Reached skill level 9 in Fighting
 11210 | Lair:3   | Received a gift from Okawaru
 11326 | Lair:3   | Found a deep blue altar of Sif Muna.
 11423 | Lair:3   | Found a staircase to the Snake Pit.
 11660 | Lair:3   | Noticed a seven-headed hydra
 11676 | Lair:3   | Killed a seven-headed hydra
 11676 | Lair:3   | Reached XP level 13. HP: 78/81 MP: 17/18
 11802 | Lair:3   | Reached skill level 10 in Armour
 12161 | Lair:4   | Reached skill level 10 in Fighting
 12161 | Lair:4   | Reached skill level 10 in Shields
 12537 | Lair:4   | Reached skill level 5 in Stealth
 13055 | Lair:5   | Reached ****** piety under Okawaru
 13074 | Lair:5   | Found a staircase to the Slime Pits.
 13233 | Lair:5   | Received a gift from Okawaru
 13726 | Lair:6   | Entered Level 6 of the Lair of Beasts
 13730 | Lair:6   | Noticed Snorg
 14021 | Lair:6   | Found a frozen archway.
 14033 | IceCv    | Entered an ice cave
 14313 | Lair:6   | Reached skill level 15 in Maces & Flails
 14541 | Lair:6   | Gained mutation: Your large and strong wings let you fly indefinitely. [Gargoyle growth]
 14541 | Lair:6   | Reached XP level 14. HP: 54/88 MP: 18/19
 14541 | Lair:6   | Reached skill level 1 in Axes
 14728 | Lair:6   | Killed Snorg
 14887 | Lair:6   | Got a smoking hand axe
 14889 | Lair:6   | Identified the +0 hand axe "Hell-Harrower" {vamp, rC++ Int+4} (You found it on level 6 of the Lair of Beasts)
 14919 | Lair:6   | Received a gift from Okawaru
 15717 | Orc:1    | Entered Level 1 of the Orcish Mines
 15826 | Orc:2    | Entered Level 2 of the Orcish Mines
 15826 | Orc:2    | Found Vyleg's Antique Armour Emporium.
 15826 | Orc:2    | Noticed Rupert
 15826 | Orc:2    | Noticed brucemayne's ghost (journeyman DsBe)
 16132 | D:10     | Noticed kroki's ghost (novice DrIE)
 16155 | D:10     | Killed kroki's ghost
 16659 | D:11     | Reached skill level 5 in Axes
 16887 | D:11     | Identified a +1 rod of shadows (11/11) (You found it on level 11 of the Dungeon)
 16961 | D:11     | Gained mutation: Your muscles are strong. (Str +2) [mutagenic meat]
 17590 | D:12     | Found a shimmering altar of Xom.
 17760 | D:13     | Found a gate to the Vaults.
 17766 | D:13     | Received a gift from Okawaru
 17780 | D:13     | Reached skill level 11 in Fighting
 17815 | D:13     | Reached XP level 15. HP: 72/94 MP: 21/21
 17829 | D:13     | Got a fine chain mail {god gift}
 17848 | D:12     | Identified the +7 chain mail of the Other Side {rF+ MR+ rCorr Dex-5} (Okawaru gifted it to you on level 13 of the Dungeon)
 18207 | D:13     | Gained mutation: Your movements are slightly less encumbered by armour. (ER -2) [mutagenic meat]
 18208 | D:13     | Gained mutation: You are dopey. (Int -2) [mutagenic meat]
 18336 | D:13     | Noticed Azrael
 18346 | D:13     | Killed Azrael
 18362 | D:13     | Found an iron altar of Okawaru.
 19216 | D:15     | Entered Level 15 of the Dungeon
 19334 | D:15     | Gained mutation: Your magical capacity is low. (-10% MP) [mutagenic meat]
 19335 | D:15     | Lost mutation: You are dopey. (Int -2) [mutagenic meat]
 19353 | D:14     | Received a gift from Okawaru
 19649 | D:14     | Gained mutation: You possess an exceptional clarity of mind. [mutagenic meat]
 19650 | D:14     | Lost mutation: Your muscles are strong. (Str +2) [mutagenic meat]
 19651 | D:14     | Gained mutation: You are partially covered in slimy green scales. (AC +2) [mutagenic meat]
 19652 | D:14     | Gained mutation: Scrolls take you a little longer to read. [mutagenic meat]
 19653 | D:14     | Gained mutation: You are robust. (+10% HP) [mutagenic meat]
 19762 | D:14     | Reached skill level 12 in Fighting
 19963 | D:14     | Gained mutation: Your muscles are strong. (Str +2) [mutagenic meat]
 19964 | D:14     | Gained mutation: You passively map a small area around you. [mutagenic meat]
 20078 | D:14     | Found an opulent altar of Gozag.
 20236 | D:14     | Noticed Kirke
 20266 | D:14     | Killed Kirke
 20266 | D:14     | Received a gift from Okawaru
 20483 | D:15     | Found a staircase to the Depths.
 20612 | D:15     | Found a white marble altar of Elyvilon.
 20917 | D:15     | Reached skill level 13 in Fighting
 21104 | D:15     | Received a gift from Okawaru
 21127 | D:15     | Reached skill level 10 in Axes
 21474 | D:15     | Reached XP level 16. HP: 114/114 MP: 19/19
 22046 | Orc:2    | Killed brucemayne's ghost
 22121 | Orc:2    | Found Kaparir's Jewellery Boutique.
 22150 | Orc:2    | Bought a pair of runed gloves for 367 gold pieces
 22380 | Orc:2    | Killed Rupert
 22434 | Orc:1    | Found Tofuku's Food Shoppe.
 22619 | Orc:2    | Noticed Nessos
 22645 | Orc:2    | Killed Nessos
 22645 | Orc:2    | Reached skill level 14 in Fighting
 22746 | Orc:2    | Found Wipeq's Antique Weapon Shoppe.
 23045 | Orc:2    | Found Zikutit's General Store.
 23187 | Orc:2    | Found a staircase to the Elven Halls.
 23301 | Orc:1    | Noticed Urug
 23326 | Orc:1    | Killed Urug
 23479 | Orc:1    | You are sucked into a shaft!
 23575 | Swamp:1  | Entered Level 1 of the Swamp
 23641 | Swamp:1  | Noticed Donald
 23679 | Swamp:1  | Killed Donald
 24218 | Swamp:2  | Noticed varam's ghost (adept TrMo)
 24244 | Swamp:2  | Killed varam's ghost
 24287 | Swamp:2  | Found a shimmering altar of Xom.
 24386 | Swamp:2  | Noticed Roxanne
 24411 | Swamp:2  | Killed Roxanne
 24744 | Swamp:2  | Reached skill level 15 in Fighting
 25030 | Swamp:3  | Got a pair of warped boots
 25041 | Swamp:3  | Identified the +2 pair of boots of Immorality {Str+4} (You found it on level 3 of the Swamp)
 25096 | Swamp:3  | Received a gift from Okawaru
 25099 | Swamp:3  | Got a pair of ancient boots {god gift}
 25116 | Swamp:3  | Identified the +0 pair of boots of Courage {*Drain Regen+ Str-4 Stlth+} (Okawaru gifted it to you on level 3 of the Swamp)
 25456 | Swamp:3  | Noticed Jorgrun
 25506 | Swamp:3  | Killed Jorgrun
 25631 | Swamp:4  | Entered Level 4 of the Swamp
 25908 | Swamp:4  | Reached XP level 17. HP: 121/124 MP: 20/20
 26262 | Swamp:4  | Noticed the 27-headed Lernaean hydra
 26413 | Snake:1  | Entered Level 1 of the Snake Pit
 26462 | Snake:1  | Received a gift from Okawaru
 26800 | Snake:1  | Found Jafuet's Antique Weapon Shop.
 26942 | Snake:1  | Bought the cursed +14 obsidian axe {chop, +Fly SInv *Curse} for 2243 gold pieces
 27222 | Snake:2  | Learned a level 5 spell: Silence
 27229 | Snake:2  | Learned a level 6 spell: Deflect Missiles
 27236 | Snake:2  | Got a crude chain mail
 27253 | Snake:2  | Identified the cursed +1 chain mail of Gravity {Dex+2} (You found it on level 2 of the Snake Pit)
 27335 | Snake:2  | Reached skill level 15 in Axes
 27379 | Snake:2  | Found a stormy altar of Qazlal.
 27623 | Snake:2  | Lost mutation: You are robust. (+10% HP) [mutagenic meat]
 27624 | Snake:2  | Gained mutation: Your skin changes colour to match your surroundings (Stealth+). [mutagenic meat]
 27626 | Snake:2  | Gained mutation: Armour fits poorly on your strangely shaped body. [mutagenic meat]
 27961 | Snake:2  | Received a gift from Okawaru
 28339 | Snake:3  | Found a bloodstained altar of Trog.
 28376 | Snake:3  | Noticed Asterion
 28390 | Snake:3  | Killed Asterion
 28390 | Snake:3  | Reached XP level 18. HP: 119/119 MP: 21/21
 28767 | Snake:4  | Entered Level 4 of the Snake Pit
 28807 | Snake:4  | Received a gift from Okawaru
 28890 | Snake:4  | Found Efufid's Magic Scroll Boutique.
 28898 | Snake:4  | Bought a scroll of identify for 32 gold pieces
 28900 | Snake:4  | Bought a scroll of identify for 32 gold pieces
 28900 | Snake:4  | Bought a scroll of blinking for 120 gold pieces
 28944 | Snake:4  | Noticed Aizul
 28952 | Snake:4  | Killed Aizul
 28957 | Snake:4  | Gained mutation: Scrolls take you longer to read. [mutagenic meat]
 29188 | Snake:4  | Received a gift from Okawaru
 29476 | Snake:4  | Got a serpentine rune of Zot
 30323 | Swamp:4  | Reached skill level 1 in Evocations
 30486 | Swamp:4  | Got a decaying rune of Zot
 30741 | Vaults:1 | Entered Level 1 of the Vaults
 31176 | Vaults:1 | Received a gift from Okawaru
 31195 | Vaults:1 | Reached XP level 19. HP: 85/124 MP: 18/22
 31215 | Vaults:1 | Got an ancient hat {god gift}
 31339 | Vaults:1 | Identified the +1 hat of Okawaru's Esteem {*Slow rN++ Str-4 Dex+9} (Okawaru gifted it to you on level 1 of the Vaults)
 31749 | Vaults:1 | Reached skill level 5 in Evocations
 31756 | Vaults:1 | Lost mutation: You possess an exceptional clarity of mind. [mutagenic meat]
 31757 | Vaults:1 | Gained mutation: You tend to lose your temper in combat. [mutagenic meat]
 31761 | Vaults:1 | Lost mutation: You are partially covered in slimy green scales. (AC +2) [mutagenic meat]
 32159 | Vaults:1 | Lost mutation: Your muscles are strong. (Str +2) [mutagenic meat]
 32832 | Vaults:2 | Paralysed by a wizard for 7 turns
 32890 | Vaults:2 | Identified a scroll of acquirement
 32894 | Vaults:2 | Got a warped jade amulet
 32915 | Vaults:2 | Got a pair of warped gloves
 32937 | Vaults:2 | Identified the +1 pair of gloves of Zeshresso {MR+ SInv} (You found it on level 2 of the Vaults)
 32958 | Vaults:2 | Identified the amulet "Jetocs" {Harm *Drain rElec} (You acquired it on level 2 of the Vaults)
 33226 | Vaults:2 | Noticed a lich
 33240 | Vaults:2 | Killed a lich
 33319 | Vaults:2 | Reached skill level 15 in Armour
 33321 | Vaults:2 | Received a gift from Okawaru
 33490 | Vaults:2 | Found Etoalo's Antique Armour Shop.
 33688 | Vaults:2 | Received a gift from Okawaru
 33707 | Vaults:2 | Found Miopet's Armour Shop.
 34121 | Vaults:3 | Reached XP level 20. HP: 100/129 MP: 23/23
 34184 | Vaults:3 | Gained mutation: You are partially covered in large bone plates. (SH +4) [mutagenic meat]
 34294 | Vaults:3 | Noticed a lich
 34311 | Vaults:3 | Killed a lich
 34574 | Vaults:3 | Noticed a Tzitzimitl
 34836 | D:9      | Got a brightly glowing bone ring
 34839 | D:9      | Identified the ring of Couriti {Int+4 Stlth+} (You acquired it on level 9 of the Dungeon)
 34865 | D:9      | Got a steaming sapphire amulet
 35231 | Vaults:3 | Reached skill level 15 in Shields
 35474 | Vaults:3 | Received a gift from Okawaru
 35781 | Vaults:3 | Found a staircase to the Crypt.
 35789 | Crypt:1  | Entered Level 1 of the Crypt
 36125 | Vaults:4 | Reached skill level 16 in Fighting
 36137 | Vaults:4 | Noticed a lich
 36146 | Vaults:4 | Killed a lich
 36500 | Vaults:4 | Lost mutation: Armour fits poorly on your strangely shaped body. [mutagenic meat]
 36501 | Vaults:4 | Gained mutation: You have sharp toenails. [mutagenic meat]
 36690 | Vaults:4 | Received a gift from Okawaru
 36710 | Vaults:4 | Got a faintly glowing eveningstar {god gift}
 36711 | Vaults:4 | Identified the +6 eveningstar of Pecemm {crush, +Fly Int+5 SInv} (Okawaru gifted it to you on level 4 of the Vaults)
 36764 | Vaults:4 | Reached XP level 21. HP: 119/137 MP: 24/24
 36769 | Vaults:4 | Gained mutation: Your flesh is heat resistant. (rF+) [mutagenic meat]
 36770 | Vaults:4 | Gained mutation: You are dopey. (Int -2) [mutagenic meat]
 36900 | Vaults:4 | Reached skill level 17 in Fighting
 37640 | Vaults:4 | Received a gift from Okawaru
 37664 | Vaults:4 | Got a heavily runed cloak {god gift}
 37675 | Vaults:4 | Identified the +1 cloak of Fallacy {Slay+3} (Okawaru gifted it to you on level 4 of the Vaults)
 38054 | Vaults:5 | Entered Level 5 of the Vaults
 38063 | Vaults:5 | Noticed CypherZel's ghost (veteran TrFi)
 38069 | Vaults:5 | Noticed Bai Suzhen
 38077 | Vaults:5 | Was placed under penance by Okawaru
 38084 | Vaults:5 | Reached skill level 18 in Fighting
 38087 | Vaults:5 | Killed Bai Suzhen
 38110 | Vaults:5 | Found Siaqikk's Antique Armour Shoppe.
 38175 | Vaults:5 | HP: 7/142 [yaktaur captain/bolt (21)]
 38178 | Vaults:5 | Killed CypherZel's ghost
 38183 | Vaults:5 | Noticed a golden dragon
 38191 | Vaults:5 | Killed a golden dragon
 38191 | Vaults:5 | Reached XP level 22. HP: 32/148 MP: 25/25
 38212 | Vaults:5 | Noticed p0werm0de's ghost (adept HECK)
 38225 | Vaults:5 | Killed from afar by a titan

Vault maps used:
D:1:      lemuel_arrival_rhombus
D:2:      overflow_temple_1_default, nicolae_ru_path_of_blood,
          serial_bayou_crossing, uniq_iyjb
D:3:      lemuel_round_altar, uniq_robin
D:4:      first_bread, serial_shops, shop_fountains
D:5:      serial_co_window_serial, co_window_cross_1, co_window_paths_a,
          co_window_paths_a, co_window_corner_a, co_window_corner_a,
          co_window_of_opportunity_a, co_window_corner_a, co_window_corner_a,
          co_window_paths_b, co_window_corner_b, co_window_2corner,
          co_window_2corner, co_window_4corner_a, glass_columns_a,
          glass_columns_a, glass_columns_b, glass_columns_a, glass_columns_b,
          uniq_crazy_yiuf_cottage, uniq_eustachio, uniq_blork_the_orc
D:6:      led_sif_pool, uniq_menkaure
D:8:      hangedman_ranch, uniq_grum
D:9:      nemelex_altar_shiori, dpeg_lair_monsters, david_orc_3, basic_altar
D:10:     minmay_quarter_circles, serial_ice, serial_ice_f, serial_ice_c,
          serial_ice_l, serial_ice_o
D:11:     kennysheep_nondescript, kennysheep_generic_room_10
D:12:     serial_glass, glass_columns_a, glass_columns_c, glass_columns_a,
          glass_columns_b, glass_columns_a, glass_columns_b, glass_columns_a,
          glass_columns_c, kb_xom_exploding_sheep
D:13:     erik_vaults_2, basic_altar, uniq_azrael
D:14:     lemuel_tele_altar, uniq_kirke
D:15:     gammafunk_depths_entry_grave, elyvilon_altar_3, spider_trap
Temple:   eino_temple_rhombus
Lair:1:   minmay_lair_oklob_bushes, grunt_megastairs_3, lemuel_fruit_fields
Lair:2:   cheibrodos_lair_lostbears, minmay_swamp_entry_eels
Lair:3:   guppyfry_snake_entry_garden, basic_altar, st_stairs_3,
          serial_bayou_shore_b, uniq_gastronok
Lair:5:   nicolae_slime_entry_slimehenge
Lair:6:   minmay_lair_end_enchanted_forest, portal_ice_cave_entry_pillars_1,
          grunt_megastairs_2, serial_bayou_shore_a, uniq_snorg
Swamp:1:  nicolae_swamp_fairy_circle, swamp_pool1, uniq_donald
Swamp:2:  basic_altar, uniq_roxanne
Swamp:3:  serial_swamp_ruin, evilmike_swamp_ruin_rubble_2,
          evilmike_swamp_ruin_rubble_1, infiniplex_staircase_pool, uniq_jorgrun
Swamp:4:  swamp_basic_johnstein, infiniplex_staircase_pool_2
Snake:1:  serial_shops, nicolae_shop_crystal, st_stairs_14,
          hangedman_snake_corridor_cut
Snake:2:  nicolae_snake_nest, basic_altar, grunt_ministairs_13,
          nrook_guardian_serpent_ordinary
Snake:3:  basic_altar, uniq_asterion
Snake:4:  snake_pit, serial_shops, shop, uniq_aizul
Orc:1:    serial_shops, shop_statue, uniq_urug
Orc:2:    grunt_orc_gardens, grunt_orc_garden, grunt_orc_garden,
          grunt_orc_garden, grunt_orc_garden, mines2_lemuel, uniq_nessos,
          uniq_rupert
Vaults:1: grunt_vaults_twisty, hangedman_vaults_restitches,
          nicolae_vaults_mini_display_case, ontoclasm_vaults_ligature,
          hangedman_vaults_maws, nicolae_vaults_rhombus_7,
          ontoclasm_vaults_ring_small, v_alt_pattern_2, hangedman_vaults_corner,
          v_misc_19, vaults_room_door_ring, ontoclasm_vaults_loading_screen,
          grunt_vaults_hallway_short, ontoclasm_vaults_hangar
Vaults:2: v_rooms_2, v_misc_8, vaults_mumra_minichess,
          nicolae_vaults_bisected_exclaves, nicolae_vaults_network_star,
          vaults_room_glass_cross, vaults_room_pools,
          nicolae_vaults_little_squares_1, nicolae_vaults_little_squares_4,
          serial_shops, shop, shop
Vaults:3: minmay_crypt_entry_vampire_xt, nicolae_vaults_big_angled_halls,
          nicolae_vaults_big_ls, vaults_standard_mumra_lines, v_misc_19,
          vaults_room_pool, hangedman_vaults_maws, vaults_room_corners
Vaults:4: nicolae_vaults_network_quincunx, v_misc_23, ontoclasm_vaults_tryst,
          nicolae_vaults_hallways_thing, v_misc_22, grunt_vaults_focal,
          hangedman_vaults_impose, nicolae_vaults_twisting_passages,
          vaults_room_grunt_arrival_ludios, nicolae_vaults_little_squares_3,
          v_misc_28, nicolae_vaults_network_square, hangedman_vaults_trim,
          vaults_room_pool, dpeg_vaults_waves
Vaults:5: serial_shops, uniq_bai_suzhen
Crypt:1:  st_stairs_11, due_unseen_surprise, grunt_crypt_arrival_guarded_gate
IceCv:    ice_cave_statue_garden_teleport

Skill      XL: |  1  2  3  4  5  6  7  8  9 10 11 12 13 14 15 16 17 18 19 20 21 |
---------------+----------------------------------------------------------------+-----
Maces & Flails | 3 4 6 7 9 12 13 15 | 15.7
Fighting       | 4 6 7 9 10 11 13 15 16 18 | 18.8
Armour         | 4 6 8 9 10 11 12 13 15 17 | 17.5
Shields        | 4 6 8 9 10 13 14 16 17 | 17.1
Polearms       | 2 |  2.4
Invocations    | 5 7 8 |  8.0
Stealth        | 3 5 |  5.0
Axes           | 7 10 12 15 16 | 16.1
Evocations     | 3 7 8 |  8.1

Action                   |  1- 3 |  4- 6 |  7- 9 | 10-12 | 13-15 | 16-18 | 19-21 | 22-24 || total
-------------------------+-------+-------+-------+-------+-------+-------+-------+-------++-------
Melee: Flail             |   114 |   177 |    22 |       |   417 |       |       |       ||   730
       Spear             |       |    21 |   104 |       |    13 |       |       |       ||   138
       Whip              |       |       |   318 |  1431 |   242 |       |       |       ||  1991
       Broad axe         |       |       |       |       |  1026 |  1181 |   866 |    19 ||  3092
       Hand axe          |       |       |       |       |    80 |       |       |       ||    80
       Eveningstar       |       |       |       |       |       |       |    46 |       ||    46
Throw: Throwing net      |       |       |       |     3 |       |       |       |       ||     3
       Tomahawk          |       |       |       |       |       |     4 |       |       ||     4
Invok: Heroism           |       |       |     2 |    12 |    13 |    18 |     9 |       ||    54
       Finesse           |       |       |       |       |     2 |     5 |     1 |       ||     8
 Abil: Evoke Berserk Rag |       |       |     1 |       |       |       |       |       ||     1
       Evoke Flight      |       |       |       |     1 |       |       |       |       ||     1
       Fly               |       |       |       |       |     1 |       |       |       ||     1
Evoke: Wand              |       |       |       |    11 |       |     3 |       |       ||    14
       Rod               |       |       |       |       |       |     3 |       |       ||     3
       Sack of spiders   |       |       |       |       |       |     1 |       |       ||     1
  Use: Scroll            |       |       |     8 |     3 |     9 |    22 |    21 |       ||    63
       Potion            |       |       |       |     1 |     2 |     3 |     9 |     3 ||    18
 Stab: Distracted        |       |     1 |       |       |       |     1 |       |       ||     2
       Fleeing           |       |       |       |       |     1 |       |       |       ||     1
       Sleeping          |       |       |       |       |       |     1 |     1 |       ||     2
       Invisible         |       |       |       |       |       |       |     8 |     2 ||    10
  Eat: Chunk             |       |    14 |    24 |    32 |    72 |    42 |    34 |       ||   218
Armor: Scale mail        |    70 |   133 |   135 |   412 |       |       |       |       ||   750
       Chain mail        |       |       |       |   123 |   797 |   930 |   334 |     9 ||  2193
       Plate armour      |       |       |       |       |   231 |       |       |       ||   231
       Skin              |       |       |       |       |       |     1 |       |       ||     1
Dodge: Dodged            |    35 |    72 |    74 |   246 |   452 |   426 |   152 |     4 ||  1461
Block: Shield            |    73 |   133 |   167 |   585 |  1197 |   797 |   602 |    11 ||  3565
       Reflection        |       |       |       |       |       |    44 |    63 |     2 ||   109
